Map: Primeval Wilds

Players

Infamous

  • Race: Protoss Protoss
  • League: Silver
  • Spawn Location: 6:00

feramortal

  • Race: Terran Terran
  • Spawn Location: 5:00

jarper

  • Race: Protoss Protoss
  • League: Bronze
  • Spawn Location: 6:00

wolverine

  • Race: Zerg Zerg
  • Spawn Location: 7:00

derpyunicorn

  • Race: Protoss Protoss
  • League: Silver
  • Spawn Location: 12:00

PapaOso

  • Race: Protoss Protoss
  • Spawn Location: 12:00

nanuty

  • Race: Terran Terran
  • Spawn Location: 9:00

Urgel

  • Race: Protoss Protoss
  • Spawn Location: 3:00

VOD

Have the link to the VOD?

Description

Time

  • Played on: April 9, 2018, 11:21 a.m.
  • Length: 20:13
Show
View Real Time Build Order
Export as new Build Order

Infamous Protoss 

Build Orders:  

Get SALT Encoding   

  12  0:01  Probe  
  13  0:18  Pylon, Probe (Chrono Boost)  
  15  0:28  Probe (Chrono Boost)  
  15  0:37  Gateway  
  15  0:40  Probe  
  16  0:44  Assimilator  
  16  0:54  Probe  
  17  1:14  Probe  
  18  1:25  Cybernetics Core  
  18  1:26  Probe  
  19  1:38  Probe  
  20  1:42  Assimilator  
  20  1:59  Pylon  
  20  2:01  Warp Gate  
  20  2:02  Stalker (Chrono Boost)  
  22  2:11  Gateway  
  21  2:22  Assimilator  
  21  2:32  Nexus  
  21  2:45  Probe, Stalker (Chrono Boost)  
  24  2:58  Pylon  
  26  3:06  Stalker (Chrono Boost)  
  26  3:13  Sentry (Chrono Boost), Robotics Facility  
  28  3:20  Pylon  
  28  3:31  Sentry  
  30  3:37  Probe  
  31  3:45  Probe (Chrono Boost)  
  32  3:49  Probe (Chrono Boost)  
  33  4:00  Probe (Chrono Boost)  
  33  4:01  Observer  
  33  4:02  Probe (Chrono Boost)  
  36  4:17  Probe (Chrono Boost)  
  36  4:19  Assimilator  
  36  4:23  Probe (Chrono Boost), Assimilator  
  38  4:27  Probe (Chrono Boost)  
  38  4:29  Immortal  
  43  4:41  Stargate  
  43  4:57  Gateway  
  42  5:00  Probe (Chrono Boost)  
  42  5:05  Probe (Chrono Boost)  
  44  5:10  Probe (Chrono Boost)  
  44  5:13  Probe (Chrono Boost)  
  46  5:14  Immortal  
  46  5:15  Probe (Chrono Boost)  
  51  5:22  Protoss Air Weapons Level 1 (Chrono Boost), Stargate  
  51  5:48  Stalker x2  
  55  5:52  Void Ray  
  59  6:01  Probe x2  
  61  6:09  Pylon  
  61  6:11  Pylon  
  61  6:13  Probe  
  61  6:15  Shield Battery  
  61  6:16  Pylon  
  62  6:27  Probe  
  62  6:29  Forge  
  63  6:36  Void Ray  
  67  6:44  Immortal  
  71  7:00  Probe x2  
  73  7:11  Photon Cannon  
  73  7:13  Void Ray  
  77  7:17  Pylon  
  77  7:25  Void Ray (Chrono Boost)  
  77  7:28  Immortal  
  85  7:32  Probe  
  85  7:35  Probe  
  87  7:58  Void Ray (Chrono Boost)  
  91  8:28  Nexus  
  91  8:31  Pylon  
  91  8:32  Pylon  
  91  8:36  Pylon  
  91  8:40  Stalker  
  93  8:49  Void Ray  
  97  9:09  Probe x2  
  103  9:21  Probe  
  104  9:36  Immortal  
  104  9:37  Void Ray x2 (Chrono Boost)  
  111  9:45  Probe  
  113  9:46  Probe x2  
  115  9:57  Probe  
  115  9:58  Probe  
  117  10:05  Photon Cannon  
  117  10:07  Photon Cannon  
  117  10:09  Pylon  
  117  10:10  Photon Cannon  
  117  10:11  Pylon, Photon Cannon  
  117  10:14  Photon Cannon, Protoss Air Armor Level 1 (Chrono Boost)  
  117  10:15  Photon Cannon  
  117  10:18  Photon Cannon, Assimilator  
  117  10:21  Photon Cannon  
  117  10:23  Probe x3, Assimilator  
  117  10:25  Photon Cannon  
  117  10:27  Photon Cannon  
  120  10:29  Photon Cannon  
  120  10:33  Photon Cannon  
  120  10:35  Probe  
  121  10:39  Probe x2  
  123  10:53  Cybernetics Core  
  123  10:58  Sentry x2  
  123  10:59  Sentry  
  129  11:08  Void Ray  
  129  11:09  Void Ray  
  139  11:15  Immortal  
  141  11:59  Immortal  
  133  12:35  Void Ray (Chrono Boost)  
  133  12:36  Void Ray (Chrono Boost)  
  141  13:17  Pylon  
  141  13:20  Pylon  
  141  13:22  Pylon  
  141  13:26  Pylon  
  141  13:38  Probe x3  
  136  13:50  Probe  
  135  14:20  Void Ray x2  
  135  14:23  Immortal  
  143  14:42  Stalker x2  
  143  14:43  Stalker  
  129  15:11  Void Ray x2  
  71  15:43  Probe x3  
  71  15:47  Immortal  
  74  15:50  Stalker  
  74  15:51  Stalker x2, Stargate  
  74  15:52  Stargate  
  74  15:53  Stargate  
  80  16:31  Photon Cannon  
  80  16:34  Photon Cannon  
  80  16:37  Photon Cannon  
  80  16:38  Photon Cannon  
  80  16:41  Photon Cannon  
  80  16:44  Photon Cannon  
  80  16:49  Photon Cannon  
  80  16:51  Photon Cannon  
  80  16:54  Photon Cannon  
  80  16:56  Photon Cannon  
  80  16:57  Stalker  
  80  16:58  Stalker x2  
  80  17:00  Void Ray x2  
  93  17:05  Void Ray x3  
  79  17:33  Immortal  
  79  17:34  Probe  
  79  17:35  Probe  
  85  17:43  Void Ray  
  60  18:49  Void Ray x4  
  60  18:50  Void Ray  
  80  19:14  Fleet Beacon  
  60  19:35  Nexus  
  80  19:38  Pylon  
  80  19:39  Pylon  
  80  19:42  Pylon  
Show
View Real Time Build Order
Export as new Build Order

feramortal Terran 

Build Orders:  

Get SALT Encoding   

  12  0:08  SCV  
  13  0:20  SCV  
  14  0:31  Refinery  
  14  0:43  Supply Depot  
  14  1:15  Command Center, SCV  
  15  1:27  SCV  
  16  2:29  SCV  
  17  2:39  SCV  
  17  2:41  SCV  
  19  2:51  SCV  
  19  2:53  SCV  
  19  2:54  Barracks  
  21  3:03  SCV  
  21  3:04  Engineering Bay  
  23  3:05  SCV  
  23  3:17  SCV  
  24  3:58  Factory  
  24  4:01  Terran Infantry Weapons Level 1  
  24  4:40  Missile Turret  
  24  5:01  Sensor Tower  
  24  5:20  SCV  
  25  5:30  Refinery  
  25  5:32  SCV  
  26  5:42  Barracks Tech Lab  
  26  5:44  SCV  
  27  5:56  SCV, Terran Infantry Armor Level 1  
  28  6:08  Marine  
  28  6:09  SCV  
  30  6:26  Marine  
  30  6:30  SCV  
  32  6:43  SCV  
  32  6:44  Marine  
  34  6:48  Starport  
  34  7:02  Marine  
  35  7:20  Marine  
  36  7:42  Viking  
  38  7:50  Hi-Sec Auto Tracking  
  38  7:55  Fusion Core  
  38  8:24  Supply Depot  
  38  8:46  Reaper, SCV, Neosteel Frame  
  38  8:47  Supply Depot  
  40  8:49  Hellion  
  42  8:58  SCV  
  43  9:09  Supply Depot  
  43  9:10  Hellion  
  45  9:18  Reaper  
  46  9:32  Hellion  
  47  9:50  Reaper  
  48  9:53  Hellion  
  48  9:54  Armory  
  50  10:05  Building Armor  
  50  10:15  Hellion  
  52  10:22  Reaper  
  53  10:36  Widow Mine  
  55  10:57  Widow Mine  
  57  11:04  Weapon Refit  
  57  11:16  Terran Vehicle Weapons Level 1  
  57  11:19  Widow Mine  
  59  11:27  Marauder  
  61  12:50  Supply Depot  
  61  13:10  Terran Vehicle And Ship Armor Level 1  
  61  13:11  Cyclone  
  61  13:12  Marauder  
  66  13:15  Supply Depot  
  66  13:33  Marauder  
  68  13:41  Ghost Academy  
  68  13:43  Cyclone  
  71  13:54  Marauder  
  73  14:03  Terran Infantry Weapons Level 2  
  73  14:15  Cyclone  
  73  14:16  Marauder  
  78  14:51  Supply Depot  
  78  15:05  Terran Ship Weapons Level 1  
  78  15:12  Ghost  
  78  15:13  Hellbat  
  78  15:14  Supply Depot  
  82  15:26  Nuke  
  82  15:34  Hellbat  
  84  15:41  Ghost  
  86  15:56  Hellbat  
  88  16:09  Ghost  
  90  16:17  Hellbat  
  92  16:18  Terran Infantry Armor Level 2  
  92  16:38  Ghost  
  94  16:58  Terran Vehicle Weapons Level 2  
  94  17:14  Factory Tech Lab  
  94  17:44  Marauder  
  94  17:51  Hellbat  
  67  18:06  Marauder  
  67  18:12  Hellbat  
  41  18:34  Hellbat  
  43  18:35  Ghost  
  45  18:55  Hellbat  
  47  19:03  Ghost  
  49  19:16  Hellbat  
  51  19:17  Refinery  
  51  19:32  Ghost  
  51  19:38  Hellion  
Show
View Real Time Build Order
Export as new Build Order

jarper Protoss 

Build Orders:  

Get SALT Encoding   

  12  0:02  Probe (Chrono Boost)  
  13  0:14  Probe (Chrono Boost)  
  14  0:23  Probe  
  14  0:24  Pylon  
  15  0:30  Assimilator  
  15  0:38  Assimilator  
  15  0:48  Gateway  
  15  0:52  Probe (Chrono Boost)  
  17  1:04  Probe (Chrono Boost)  
  17  1:12  Probe (Chrono Boost)  
  18  1:18  Probe  
  19  1:30  Probe  
  20  1:38  Cybernetics Core  
  20  1:42  Probe  
  21  1:55  Probe  
  22  2:17  Stargate  
  22  2:20  Stargate  
  22  2:34  Nexus  
  22  2:37  Pylon  
  22  2:48  Protoss Air Weapons Level 1  
  26  3:08  Void Ray (Chrono Boost)  
  26  3:13  Probe  
  26  3:19  Void Ray (Chrono Boost)  
  31  3:37  Assimilator  
  31  3:44  Pylon  
  31  3:45  Probe  
  36  4:05  Void Ray (Chrono Boost)  
  36  4:06  Probe (Chrono Boost)  
  37  4:16  Probe (Chrono Boost)  
  38  4:19  Void Ray (Chrono Boost)  
  38  4:21  Probe (Chrono Boost)  
  43  4:27  Probe  
  44  4:32  Probe  
  45  4:39  Probe  
  45  4:42  Forge  
  45  4:44  Probe  
  47  4:47  Pylon  
  47  4:58  Void Ray  
  51  5:08  Protoss Air Armor Level 1  
  51  5:12  Protoss Shields Level 1 (Chrono Boost)  
  51  5:25  Void Ray  
  55  7:05  Void Ray  
  59  7:16  Pylon  
  59  7:17  Pylon  
  59  7:22  Pylon  
  59  7:28  Stargate  
  59  7:33  Void Ray  
  59  7:36  Probe (Chrono Boost)  
  59  7:37  Twilight Council  
  64  7:43  Assimilator  
  64  7:47  Probe (Chrono Boost)  
  64  7:48  Photon Cannon, Void Ray  
  69  7:51  Photon Cannon  
  69  7:52  Probe (Chrono Boost)  
  69  7:55  Photon Cannon  
  70  8:03  Probe  
  71  8:11  Pylon  
  71  8:14  Fleet Beacon  
  71  8:15  Probe  
  71  8:16  Void Ray  
  76  8:23  Void Ray  
  76  8:26  Robotics Facility  
  80  8:33  Pylon  
  80  8:37  Pylon  
  80  8:40  Pylon  
  80  9:03  Void Ray x2  
  80  9:06  Void Ray  
  92  9:15  Observer  
  93  9:33  Protoss Shields Level 2  
  93  10:10  Nexus  
  81  11:10  Protoss Air Weapons Level 2  
  81  11:14  Void Ray x3  
  93  11:31  Probe  
  61  11:43  Probe  
  50  11:56  Void Ray  
  54  12:01  Protoss Shields Level 3  
  54  12:05  Void Ray x2  
  61  12:37  Nexus  
  61  12:42  Pylon  
  61  12:45  Pylon  
  61  12:48  Assimilator  
  61  12:53  Assimilator  
  61  12:55  Pylon  
  61  12:58  Void Ray x3  
  61  13:04  Observer  
  74  13:26  Protoss Air Armor Level 2, Observer  
  75  13:31  Photon Cannon  
  73  14:32  Pylon, Assimilator  
  73  14:37  Photon Cannon  
  73  14:43  Photon Cannon  
  73  14:45  Photon Cannon  
  73  14:53  Photon Cannon  
  73  15:11  Void Ray x2  
  73  15:12  Void Ray  
  85  15:42  Protoss Air Weapons Level 3  
  85  15:47  Mothership  
  93  15:54  Void Ray x3  
  88  16:37  Void Ray x2  
  91  17:31  Void Ray x2  
  91  17:32  Void Ray  
  95  18:14  Void Ray  
  53  19:02  Void Ray x2  
Show
View Real Time Build Order
Export as new Build Order

wolverine Zerg 

Build Orders: Pool First 

Get SALT Encoding   

  13  0:07  Drone  
  13  0:09  Drone  
  14  0:29  Extractor  
  14  0:33  Spawning Pool  
  12  0:36  Drone  
  13  0:56  Drone  
  14  0:59  Overlord x2  
  14  1:33  Evolution Chamber  
  13  1:40  Roach Warren  
  12  2:03  Drone x2  
  12  2:04  Drone, Baneling Nest  
  14  2:33  Drone x2  
  16  2:49  Lair  
  16  2:54  Extractor  
  15  3:04  Hatchery  
  14  3:20  Roach x3  
  20  3:37  Overlord  
  20  3:46  Ravager  
  21  4:26  Hydralisk Den  
  21  4:27  Drone x2  
  21  4:29  Drone  
  23  4:32  Drone x2  
  25  5:11  Hydralisk x3  
  31  5:15  Ravager  
  32  5:23  Queen  
  34  5:31  Ravager  
  35  5:43  Drone x3  
  35  5:47  Overlord  
  38  5:59  Queen  
  40  6:10  Overlord x2  
  40  6:11  Overlord  
  40  6:30  Hydralisk x3  
  46  6:34  Queen  
  48  6:43  Drone x3  
  48  6:44  Drone  
  52  7:05  Drone  
  52  7:06  Drone x2  
  55  7:12  Grooved Spines  
  55  7:21  Zerg Missile Weapons Level 1  
  55  7:30  Tunneling Claws  
  55  7:39  Extractor  
  54  7:44  Extractor  
  53  8:01  Spire  
  52  8:19  Infestation Pit  
  51  8:23  Muscular Augments  
  51  8:24  Queen  
  53  8:44  Drone  
  53  8:45  Drone x2  
  56  8:59  Queen  
  58  9:17  Nydus Network  
  58  9:19  Mutalisk x2  
  61  9:35  Queen  
  63  10:07  Mutalisk x4  
  63  10:11  Queen  
  73  10:47  Burrow  
  73  11:07  Mutalisk  
  75  11:12  Overlord x6  
  75  11:13  Overlord  
  56  12:33  Mutalisk x3  
  60  12:48  Corruptor  
  60  12:49  Corruptor x2  
  58  13:48  Lurker Den  
  55  14:00  Mutalisk x3  
  61  14:23  Corruptor x3  
  47  15:36  Hive  
  47  15:45  Hydralisk x3  
  47  15:49  Hydralisk x2  
  53  15:50  Hydralisk  
  61  16:36  Hydralisk x2  
  63  16:56  Ultralisk Cavern  
  63  16:59  Adaptive Talons  
  62  17:06  Hydralisk  
  62  17:07  Hydralisk x2  
  68  17:23  Viper x3  
  68  17:27  Zerg Flyer Weapons Level 1  
  77  17:32  Nydus Canal  
  11  19:22  Ultralisk x3  
  29  19:27  Mutalisk x2  
Show
View Real Time Build Order
Export as new Build Order

derpyunicorn Protoss 

Build Orders:  

Get SALT Encoding   

  12  0:13  Probe  
  13  0:17  Pylon  
  13  0:39  Pylon  
  13  0:43  Probe  
  14  0:55  Probe  
  15  1:08  Gateway  
  15  1:11  Probe  
  16  1:21  Assimilator  
  16  1:23  Probe  
  17  1:39  Probe  
  18  1:51  Probe  
  19  2:03  Probe  
  20  2:11  Assimilator  
  21  2:15  Probe  
  21  2:25  Cybernetics Core  
  21  2:27  Probe  
  22  2:39  Probe  
  23  2:48  Nexus  
  23  2:52  Pylon  
  23  2:56  Assimilator  
  23  3:00  Probe, Assimilator  
  24  3:06  Warp Gate  
  25  3:12  Probe  
  25  3:23  Robotics Facility  
  25  3:25  Probe  
  26  3:37  Probe  
  27  3:49  Probe  
  27  3:50  Pylon  
  28  4:01  Probe  
  28  4:02  Gateway  
  29  4:05  Gateway  
  29  4:12  Gateway  
  29  4:13  Probe  
  29  4:16  Probe  
  31  4:25  Probe  
  31  4:29  Probe  
  33  4:34  Warp Prism  
  33  4:37  Probe  
  36  4:42  Probe  
  37  4:49  Probe  
  38  4:54  Probe  
  39  5:01  Probe  
  39  5:06  Probe  
  41  5:07  Stargate  
  41  5:09  Stargate  
  41  5:48  Stalker x4  
  39  5:58  Void Ray x2  
  47  6:19  Stalker  
  47  6:20  Stalker  
  47  6:24  Stalker  
  45  6:36  Stalker  
  38  6:41  Void Ray x2  
  46  6:57  Probe  
  46  7:00  Probe  
  48  7:09  Probe  
  48  7:12  Probe  
  50  7:21  Probe  
  51  7:24  Probe, Void Ray  
  56  7:33  Probe  
  56  7:35  Gateway  
  56  7:36  Probe  
  58  7:38  Gateway  
  58  7:40  Gateway  
  58  7:41  Gateway  
  58  7:45  Probe  
  58  7:48  Probe  
  60  7:53  Pylon  
  60  7:56  Pylon  
  60  7:57  Probe  
  61  8:00  Probe  
  62  8:10  Void Ray  
  62  8:11  Probe  
  68  8:12  Probe  
  68  8:13  Void Ray  
  68  8:18  Pylon  
  68  8:19  Pylon  
  72  8:20  Pylon  
  72  8:23  Probe  
  72  8:25  Probe  
  74  8:35  Probe  
  75  8:47  Probe, Stalker x3  
  82  8:54  Probe  
  83  9:06  Probe  
  83  9:08  Stalker x5  
  94  9:23  Fleet Beacon  
  94  10:10  Pylon  
  94  10:14  Pylon  
  94  10:19  Stalker x2  
  94  10:20  Pylon, Stalker x5  
  94  10:21  Stalker  
  72  10:37  Carrier  
  72  10:40  Carrier  
  70  10:49  Stalker x2  
  66  11:00  Probe  
  67  11:12  Probe  
  68  11:24  Probe  
  69  11:36  Probe  
  70  11:48  Probe  
  71  12:06  Tempest  
  77  12:12  Stalker  
  77  12:13  Stalker x4  
  77  12:14  Stalker  
  89  12:37  Tempest  
  95  12:48  Tempest  
  101  13:37  Tempest x2  
  57  14:20  Tempest x2  
  57  14:24  Stalker x3  
  73  14:27  Observer  
  76  14:32  Stalker  
  76  14:34  Stalker  
  76  14:47  Stalker x4  
  76  14:52  Stalker  
  79  15:03  Tempest x2  
  79  15:04  Stalker x2  
  79  15:05  Stalker  
  70  15:19  Stalker  
  58  15:21  Stalker  
  58  15:34  Probe  
  59  15:45  Tempest  
  59  15:46  Probe, Tempest  
  72  15:58  Probe  
  73  16:11  Probe  
  74  16:15  Graviton Catapult  
  73  16:49  Pylon  
  73  16:59  Nexus  
  73  17:11  Protoss Air Armor Level 1  
  73  17:14  Tempest  
  73  17:15  Tempest  
  91  18:10  Stalker  
  91  18:11  Stalker  
  79  18:29  Pylon  
  79  18:31  Pylon, Tempest  
  79  18:54  Stalker  
  81  18:56  Stalker  
  81  18:57  Tempest  
  89  19:15  Probe  
  90  19:27  Probe  
  91  19:39  Probe  
  92  19:50  Assimilator  
  92  19:51  Probe  
  91  19:54  Assimilator  
Show
View Real Time Build Order
Export as new Build Order

PapaOso Protoss 

Build Orders: Nexus First 

Get SALT Encoding   

  12  0:39  Nexus  
  12  0:56  Probe  
  13  0:58  Pylon  
  13  1:08  Probe  
  14  1:20  Probe  
  14  1:23  Forge  
  15  1:29  Assimilator  
  15  1:30  Assimilator  
  15  2:03  Pylon  
  15  2:06  Photon Cannon  
  15  2:20  Gateway  
  15  2:27  Pylon  
  15  2:34  Probe x2  
  17  2:46  Probe x2  
  19  2:58  Probe x2  
  21  3:10  Probe x2  
  23  3:25  Cybernetics Core  
  23  3:31  Probe  
  23  3:32  Probe  
  25  3:40  Assimilator  
  25  3:43  Probe  
  25  3:44  Probe  
  25  3:45  Assimilator  
  25  3:48  Pylon  
  27  3:53  Pylon  
  27  3:56  Probe x2  
  29  4:05  Stargate  
  29  4:08  Probe x2  
  31  4:10  Stargate  
  31  4:20  Probe x2  
  33  4:32  Probe x2  
  35  4:44  Probe x2  
  37  4:56  Probe x2  
  37  4:59  Void Ray x2  
  47  5:08  Probe x2  
  49  5:20  Probe x2  
  51  5:26  Stalker  
  53  5:32  Probe  
  54  5:35  Assimilator  
  54  5:38  Assimilator  
  54  5:41  Void Ray, Stargate  
  54  5:42  Void Ray  
  62  5:47  Twilight Council  
  62  6:21  Fleet Beacon  
  62  6:27  Robotics Facility  
  62  6:36  Void Ray x2  
  70  7:17  Pylon  
  70  7:19  Pylon  
  70  7:31  Nexus  
  70  7:35  Void Ray  
  74  7:37  Pylon x2  
  74  7:42  Pylon  
  74  7:44  Pylon  
  74  7:53  Probe x2  
  76  8:05  Probe x2, Observer  
  79  8:10  Protoss Air Armor Level 1  
  79  8:11  Protoss Shields Level 1  
  79  8:15  Carrier x2  
  79  8:17  Probe x2  
  93  8:29  Probe x2  
  95  8:41  Probe x2  
  95  8:42  Photon Cannon  
  97  8:48  Photon Cannon  
  97  8:49  Photon Cannon  
  97  8:52  Photon Cannon  
  97  8:54  Photon Cannon  
  97  8:56  Photon Cannon  
  97  9:01  Photon Cannon  
  97  9:02  Photon Cannon  
  97  9:07  Photon Cannon  
  97  9:08  Photon Cannon  
  97  9:23  Photon Cannon  
  97  9:27  Photon Cannon  
  97  9:43  Mothership  
  105  10:03  Probe x2  
  105  10:15  Probe x2  
  107  10:27  Probe x2  
  109  10:39  Probe x2  
  95  12:02  Carrier x3  
  113  12:13  Stargate  
  113  12:15  Dark Shrine, Stargate  
  109  12:17  Stargate  
  109  12:18  Robotics Bay  
  89  12:35  Protoss Air Armor Level 2  
  81  12:37  Protoss Shields Level 2  
  81  12:43  Observer  
  82  13:02  Nexus  
  82  13:03  Assimilator  
  82  13:05  Assimilator  
  82  13:08  Pylon  
  82  13:11  Pylon  
  82  13:13  Pylon x2  
  82  13:30  Photon Cannon  
  82  13:32  Photon Cannon  
  82  13:33  Photon Cannon  
  82  13:35  Photon Cannon  
  82  13:37  Photon Cannon  
  82  13:40  Photon Cannon  
  82  13:42  Photon Cannon  
  82  13:43  Photon Cannon  
  82  13:45  Photon Cannon  
  82  13:47  Photon Cannon  
  82  13:48  Photon Cannon  
  82  13:51  Photon Cannon x3  
  82  13:53  Photon Cannon  
  82  13:55  Photon Cannon  
  82  13:56  Carrier  
  118  14:10  Carrier  
  118  14:11  Carrier  
  118  14:16  Void Ray x2  
  111  14:17  Void Ray  
  111  14:37  Mothership (Chrono Boost)  
  119  14:51  Protoss Air Weapons Level 1  
  119  14:53  Carrier  
  119  14:54  Carrier, Void Ray  
  135  15:21  Void Ray  
  139  15:36  Carrier  
  139  15:37  Carrier, Void Ray  
  147  16:04  Void Ray  
  147  16:19  Carrier, Void Ray  
  147  16:20  Carrier  
  162  16:47  Void Ray  
  166  17:02  Void Ray  
  176  17:11  Pylon x2  
  176  17:12  Pylon  
  176  17:13  Pylon  
  174  17:30  Void Ray  
  178  17:39  Carrier  
  176  17:55  Carrier  
  152  18:24  Carrier  
  152  18:39  Pylon  
  152  18:40  Pylon  
  148  18:41  Pylon  
  148  18:44  Pylon  
  148  18:46  Pylon  
  148  18:48  Pylon x2  
  144  18:51  Pylon  
  144  18:52  Pylon  
  132  18:57  Pylon x2  
  132  19:01  Pylon  
  132  19:22  Assimilator  
  132  19:23  Assimilator  
Show
View Real Time Build Order
Export as new Build Order

nanuty Terran 

Build Orders:  

Get SALT Encoding   

  12  0:14  Supply Depot  
  12  0:22  Refinery  
  12  0:24  SCV  
  13  0:43  Barracks  
  13  0:47  SCV  
  14  0:58  Refinery  
  14  0:59  SCV  
  15  1:12  SCV  
  16  1:27  SCV  
  17  1:45  Supply Depot  
  17  1:46  Barracks Tech Lab  
  17  1:51  SCV  
  18  2:00  Factory  
  18  2:17  Barracks  
  18  2:21  Marine  
  19  2:29  Stimpack  
  19  2:34  SCV  
  20  2:49  Engineering Bay  
  20  2:56  Marine  
  21  3:18  Factory Tech Lab  
  21  3:24  Supply Depot  
  21  3:40  Barracks Reactor  
  21  3:43  Marine  
  21  3:46  Supply Depot  
  22  4:01  Marine  
  23  4:10  Supply Depot  
  23  4:18  Siege Tank  
  23  4:22  Marine x2  
  17  10:34  Marine x2  
  19  10:51  Marine  
  19  10:52  Marine  
  23  11:05  Widow Mine  
  23  11:09  Marine x2  
  25  11:11  Armory  
  25  11:13  SCV  
  26  11:25  SCV  
  27  11:27  Marine x2, Widow Mine  
  31  11:37  SCV  
  32  11:48  Widow Mine  
  32  11:49  SCV  
  35  11:56  Marine  
  35  11:57  Marine  
  31  12:14  Marine x2  
  18  12:32  Marine x2  
  20  12:38  Siege Tank  
  23  13:20  Drilling Claws  
  23  13:29  Factory  
  23  13:34  Factory, Orbital Command  
  17  13:58  Widow Mine  
  19  14:05  Marine  
  20  14:17  Factory Reactor  
  20  14:19  Widow Mine  
  20  14:20  Factory Reactor  
  19  14:37  Missile Turret  
  16  14:41  Missile Turret  
  16  14:44  Missile Turret  
  12  14:45  Missile Turret  
  12  14:46  Missile Turret  
  12  14:47  Missile Turret  
  12  14:49  Missile Turret  
  12  14:54  Missile Turret  
  12  14:56  Widow Mine x2  
  15  15:17  Widow Mine  
  16  15:41  Barracks  
  18  15:46  Factory Reactor  
  16  16:22  Supply Depot  
  16  16:25  Widow Mine x2  
  20  16:46  Supply Depot, Widow Mine  
  24  16:47  Widow Mine  
  24  17:08  Widow Mine x2  
  28  17:11  Factory  
  28  17:29  Widow Mine x2  
  30  17:51  Widow Mine x2  
  32  17:58  Factory Reactor  
  30  18:01  Missile Turret  
  30  18:12  Widow Mine  
  18  19:02  Widow Mine x2  
  24  19:03  Widow Mine x2  
  26  19:24  Widow Mine x4  
  32  19:25  Supply Depot  
  34  19:45  Widow Mine x3  
  42  19:46  Widow Mine  
Show
View Real Time Build Order
Export as new Build Order

Urgel Protoss 

Build Orders:  

Get SALT Encoding   

  12  0:02  Probe  
  13  0:20  Pylon  
  13  0:28  Probe  
  14  0:37  Assimilator  
  14  0:40  Probe  
  15  1:09  Gateway  
  15  1:24  Nexus  
  15  1:31  Probe  
  16  1:43  Probe  
  17  2:01  Cybernetics Core  
  17  2:24  Pylon  
  17  2:27  Pylon  
  17  2:30  Probe  
  17  2:31  Pylon  
  18  2:37  Probe  
  18  2:42  Probe  
  20  2:49  Probe  
  21  2:54  Forge  
  21  2:55  Probe  
  22  3:01  Probe  
  23  3:13  Probe  
  24  3:25  Probe  
  25  4:00  Stargate  
  25  4:03  Stargate  
  25  4:07  Photon Cannon  
  25  4:08  Photon Cannon  
  25  4:10  Photon Cannon  
  25  4:16  Pylon  
  25  4:18  Pylon  
  25  4:25  Probe, Assimilator  
  26  4:37  Probe  
  27  4:49  Probe  
  28  4:54  Assimilator  
  28  4:55  Nexus  
  28  5:01  Probe  
  29  5:13  Probe  
  30  5:25  Probe  
  31  5:37  Probe  
  31  5:42  Probe  
  33  5:50  Void Ray  
  33  5:54  Probe  
  38  6:03  Photon Cannon x2  
  37  6:04  Photon Cannon  
  37  6:06  Probe  
  37  6:08  Photon Cannon x2  
  38  6:12  Photon Cannon  
  38  6:15  Photon Cannon  
  38  6:18  Void Ray  
  42  6:19  Probe  
  42  6:22  Protoss Air Armor Level 1  
  43  6:29  Assimilator  
  43  6:31  Probe x2  
  45  6:33  Void Ray  
  49  6:43  Probe  
  50  6:55  Probe  
  50  7:00  Void Ray  
  55  7:16  Void Ray  
  59  7:39  Stargate  
  59  7:45  Twilight Council  
  59  7:51  Pylon  
  59  7:56  Fleet Beacon  
  59  8:01  Nexus  
  59  8:18  Cybernetics Core  
  59  8:35  Void Ray  
  59  8:37  Void Ray  
  67  8:44  Warp Gate  
  67  9:17  Void Ray  
  71  9:35  Probe  
  72  9:47  Probe  
  73  9:59  Probe  
  74  10:00  Oracle  
  77  10:11  Probe  
  78  10:23  Probe  
  79  11:49  Carrier  
  85  11:55  Carrier  
Tags
 
Add a new tag
Caveats
  • Supply blocks, unpowered buildings, or Contaminate may cause inaccurate times.
  • Supply counts are checked every 10 seconds.